Map: Inside and Out

Players

ИИ 1 (новичок)

  • Race: Zerg Zerg
  • Spawn Location: 7:00

Doll - Winner!

  • Race: Terran Terran
  • Spawn Location: 1:00

VOD

Have the link to the VOD?

Description

Time

  • Played on: Nov. 4, 2022, 2:03 p.m.
  • Length: 3:59
Show
View Real Time Build Order
Export as new Build Order

ИИ 1 (новичок) Zerg 

Build Orders: Pool Only 

Get SALT Encoding   

  12  0:01  Drone  
  13  0:12  Overlord  
  13  0:16  Drone  
  14  0:35  Spawning Pool  
  13  0:36  Extractor  
  13  0:39  Drone  
  13  0:46  Drone  
  14  0:52  Overlord  
  14  1:22  Queen  
  14  1:23  Zergling x2  
  17  1:31  Roach Warren  
  17  1:32  Extractor  
  15  1:35  Drone  
  16  1:42  Drone  
  17  1:49  Zergling x2  
  18  2:00  Drone  
  19  2:08  Drone  
  20  2:15  Zergling x2  
  20  2:18  Drone  
  22  2:29  Overlord  
  22  2:31  Drone  
  23  2:38  Drone  
  23  2:42  Roach  
  26  2:45  Drone  
  27  3:17  Zergling x2  
  22  3:41  Drone  
Show
View Real Time Build Order
Export as new Build Order

Doll Terran - Winner!

Build Orders:  

Get SALT Encoding   

  12  0:00  SCV  
  13  0:12  SCV  
  14  0:19  Supply Depot  
  14  0:24  SCV  
  15  0:44  Barracks  
  15  0:53  Barracks  
  15  1:00  Barracks  
  15  1:02  SCV  
  16  1:15  SCV  
  16  1:16  Supply Depot  
  17  1:28  SCV  
  17  1:31  Marine  
  19  1:35  Refinery  
  19  1:40  Marine  
  19  1:43  SCV  
  21  1:48  Marine  
  21  1:49  Marine  
  23  1:58  Orbital Command  
  23  2:00  Marine  
  24  2:06  Marine  
  24  2:08  Marine  
  26  2:18  Marine  
  26  2:19  Bunker  
  27  2:25  Marine  
  27  2:26  Marine  
  29  2:30  SCV  
  29  2:36  Marine  
Tags
 
Matchup
ЗvТ
Opening
Pool Only
Spawn Locations
Cross Positions
Add a new tag
Caveats
  • Supply blocks, unpowered buildings, or Contaminate may cause inaccurate times.
  • Supply counts are checked every 10 seconds.